 Dungeon Crawl Stone Soup version 0.27-a0-660-g90476cec82 (webtiles) character file.

Game seed: 10708541123447904138

9 theanonym the Caller (level 2, -5/22 HPs)
             Began as a Mummy Summoner on Mar 17, 2021.
             Slain by a hobgoblin
             ... wielding a +3 vampiric short sword
              (11 damage)
             ... on level 1 of the Dungeon.
             The game lasted 00:01:43 (670 turns).

theanonym the Caller (Mummy Summoner)                Turns: 670, Time: 00:01:44

Health: -5/22      AC:  2    Str: 11    XL:     2   Next: 6%
Magic:  4/5        EV: 12    Int: 14    God:
Gold:   5          SH:  0    Dex: 12    Spells: 5/6 levels left

rFire    x . .     SeeInvis .   b - +0 mace
rCold    + . .     Faith    .   (no shield)
rNeg     + + +     Spirit   .   a - +0 robe
rPois    ∞         Reflect  .   (no helmet)
rElec    .         Harm     .   (no cloak)
rCorr    .         Rampage  .   (no gloves)
Will     .....                  (no boots)
Stlth    ++........             (no amulet)
HPRegen  0.07/turn              (no ring)
MPRegen  0.09/turn              (no ring)

@: no status effects
A: cold resistance 1, negative energy resistance 3, torment resistance 2,
unbreathing 1, heat vulnerability 1, no potions
a: no special abilities


Innate Abilities, Weirdness & Mutations

You are immune to poison.
Your flesh is cold resistant. (rC+)
You are immune to negative energy. (rN+++)
You are immune to unholy pain and torment.
You can survive without breathing.
You are vulnerable to heat. (rF-)
You do not drink.


   Skills:
 + Level 1.7 Fighting
 * Level 0.0 Maces & Flails
 - Level 1.5 Dodging
 - Level 1.5 Stealth
 - Level 2.6 Spellcasting
 - Level 3.2 Summonings


You had 5 spell levels left.
You knew the following spells:

 Your Spells              Type           Power      Damage    Failure   Level
a - Summon Small Mammal   Summ           44%        N/A       6%          1

Your spell library contained the following spells:

 Spells                   Type           Power      Damage    Failure   Level
 Call Imp                 Summ           11%        N/A       9%          2
 Call Canine Familiar     Summ           11%        N/A       17%         3
 Summon Guardian Golem    Hex/Summ       6%         N/A       34%         3
 Summon Ice Beast         Ice/Summ       6%         N/A       75%         4
 Summon Lightning Spire   Summ/Air       6%         N/A       75%         4

Skill      XL: |  1 |
---------------+----+-----
Fighting       | 1 |  1.7
Dodging        | |  1.5
Stealth        | |  1.5
Spellcasting   | |  2.6
Summonings     | |  3.2

Action                   || total
-------------------------++-------
Melee: Mace              ||    28
       Unarmed           ||    12
 Cast: Summon Small Mamm ||     8
Armor: Robe              ||    12
Dodge: Dodged            ||    43

Inventory:

Hand Weapons
 b - a +0 mace (weapon)
Armour
 a - a +0 robe (worn)


You were on level 1 of the Dungeon.
You visited 1 branch of the dungeon, and saw 1 of its levels.

You collected 5 gold pieces.

Dungeon Overview and Level Annotations

Branches:
Dungeon (1/15)

Altars:

... #.. ... #..
##### ... $r# ###
#.#≈. .... #K# #.#
###.#≈. #.r.. #.#
###.###...#≈.
#....#####g#
#.........#≈.
#......b.g.#
##.#......##≈≈
#......###@#
#........##'#
.......)...#
#..###.#.##.#
.......###.###..#
#.#.##.# .......
#......###.#.##.#
..##.##
#...............# .
#. #
#.###.###..#.#### .
..#.##...##).#.# .
....#.....#..#.#####
..
..........#..#!...)(


You could see a hobgoblin (ally target), a goblin, a kobold, a rat and a
friendly bat (summoned).

Notes
Turn   | Place    | Note
-------+----------+-------------------------------------------
     0 | D:1      | theanonym the Mummy Summoner began the quest for the Orb.
     0 | D:1      | Reached XP level 1. HP: 13/13 MP: 4/4
   132 | D:1      | HP: 7/14 [goblin (2)]
   137 | D:1      | HP: 5/14 [goblin (3)]
   139 | D:1      | Reached skill level 1 in Fighting
   413 | D:1      | HP: 6/15 [goblin/+0 club (3)]
   442 | D:1      | Reached XP level 2. HP: 11/22 MP: 5/5
   457 | D:1      | HP: 11/22 [kobold (1)]
   667 | D:1      | HP: 5/22 [hobgoblin/+3 vampiric short sword (8)]
   670 | D:1      | Slain by a hobgoblin

Vanquished Creatures
  3 bats (D:1)
  2 kobolds (D:1)
  A frilled lizard (D:1)
  2 goblins (D:1)
8 creatures vanquished.

Vanquished Creatures (collateral kills)
  2 goblins (D:1)
  A kobold (D:1)
3 creatures vanquished.

Grand Total: 11 creatures vanquished

Table legend: (Time is in decaauts)
 A = Elapsed time spent in this place.
 B = Non-inter-level travel time spent in this place.
 C = Inter-level travel time spent in this place.
 D = Time resting spent in this place.
 E = Time spent auto-exploring this place.
 F = Levels seen in this place.
 G = Mean time per level.
                   A        B        C        D        E       F      G
               +--------+--------+--------+--------+--------+-----+--------+
         Total |    680 |    680 |      0 |    363 |    112 |   1 |  680.0 |
       Dungeon |    680 |    680 |      0 |    363 |    112 |   1 |  680.0 |
               +--------+--------+--------+--------+--------+-----+--------+

Top non-repeatable levels by time:
     D:1: 680 daAuts
